 Dungeon Sprint DCSS version 0.20-a0-785-g17250f0 (webtiles) character file.

5463944 esc the Conqueror (level 24, 181/181 HPs)
             Began as a Gargoyle Gladiator on Feb 27, 2017.
             Was the Champion of Wu Jian.
             Escaped with the Orb
             ... and 3 runes!
             The game lasted 02:09:14 (11858 turns).

esc the Conqueror (Gargoyle Gladiator)             Turns: 11858, Time: 02:09:15

Health: 181/181    AC: 67    Str: 30    XL:     24   Next: 16%
Magic:  49/49      EV: 39    Int: 21    God:    Wu Jian [******]
Gold:   444        SH: 30    Dex: 24    Spells: 68/68 levels left

rFire    + + +     SeeInvis .   a - +5 trishula (holy)
rCold    + + +     Gourm    .   y - +6 gold dragon scales
rNeg     + . .     Faith    +   D - +1 large shield
rPois    ∞         Spirit   .   c - +0 helmet
rElec    +         Reflect  .   o - +4 dragonskin cloak
rCorr    +         Harm     .   (no gloves)
MR       +....     NoTele   +   N - +1 pair of boots
Stlth    ..........             L - amulet of Tyckeloa {Faith Fragile rF+++ rC+}
Regen    0.4/turn               O - ring "Vufi" {*Drain rElec EV+6 Dex+8}
MPRegen  0.4/turn               S - ring "Xeedgh Tueb" {-Tele rF+ AC+6 Int+7}

@: brilliant, agile, resistant, very slightly contaminated, hasted, glowing,
serpent's lash, heaven on earth, very quick
A: big wings, negative energy resistance 1, screaming 1, electricity resistance,
unbreathing, petrification resistance, rot immunity, AC +17
0: Orb of Zot
}: 3/15 runes: silver, golden, iron
a: Fly, Serpent's Lash, Heaven On Earth, Renounce Religion


You escaped.
You worshipped Wu Jian.
Wu Jian was exalted by your worship.
You were not hungry.

You visited 1 branch You collected 444 gold pieces.

Inventory:

Hand Weapons
 a - a +5 trishula of holy wrath (weapon)
   (You took it off Mennas in the Dungeon)
 b - a +1 arbalest of freezing
   (You took it off a yaktaur in the Dungeon)
Missiles
 d - 3 throwing nets {=f, !d}
 t - 80 stones (quivered)
 G - 390 bolts
 K - 4 curare-tipped needles
Armour
 c - a +0 helmet (worn)
 o - the +4 dragonskin cloak (worn)
   (You took it off Tiamat in the Dungeon)
 y - +6 gold dragon scales (worn)
   (You found it in the Dungeon)
 D - a +1 large shield (worn)
   (You found it in the Dungeon)
 M - the +0 cloak of Going Fast {Slay+3}
   (You found it in the Dungeon)

   It affects your accuracy and damage with ranged weapons and melee attacks
   (+3).
 N - a +1 pair of boots (worn)
   (You found it in the Dungeon)
Jewellery
 m - the ring "Qiokkog" {-Tele rPois rF+ rN++ AC+6 Dex-4}
   (You found it in the Dungeon)

   [ring of protection]

   It affects your AC (+6).
   It affects your dexterity (-4).
   It protects you from fire.
   It protects you from poison.
   It greatly protects you from negative energy.
   It prevents most forms of teleportation.
 L - the amulet of Tyckeloa (around neck) {Faith Fragile rF+++ rC+}
   (You found it in the Dungeon)

   [amulet of faith]

   It allows you to gain divine favour quickly.
   It renders you almost immune to fire.
   It protects you from cold.
   It will be destroyed if unequipped.
 O - the ring "Vufi" (right hand) {*Drain rElec EV+6 Dex+8}
   (You found it in the Dungeon)

   [ring of evasion]

   It affects your evasion (+6).
   It affects your dexterity (+8).
   It insulates you from electricity.
   It causes draining when unequipped.
 S - the ring "Xeedgh Tueb" (left hand) {-Tele rF+ AC+6 Int+7}
   (You found it in the Dungeon)

   [ring of protection]

   It affects your AC (+6).
   It affects your intelligence (+7).
   It protects you from fire.
   It prevents most forms of teleportation.
Wands
 x - a wand of digging (9/24)
   (You found it in the Dungeon)
 B - a wand of acid (0/15)
   (You found it in the Dungeon)
Scrolls
 g - 2 scrolls of fog
 k - 5 scrolls of blinking {!r}
 n - 9 scrolls of remove curse
 p - a scroll of summoning
 u - 2 scrolls of vulnerability {!r!r}
 F - a scroll of magic mapping {!r}
 I - 6 scrolls of recharging
 J - 7 scrolls of identify
Potions
 e - 12 potions of curing
 h - a potion of haste
 i - 6 potions of magic
 j - 12 potions of berserk rage {!q}
 l - 4 potions of invisibility
 w - 3 potions of brilliance
 z - 3 potions of mutation {!q}
 A - 25 potions of heal wounds
 P - 3 potions of resistance
Miscellaneous
 s - the horn of Geryon
   (You took it off Geryon in the Dungeon)
 v - a phial of floods
   (You found it in the Dungeon)
 C - a lamp of fire
   (You found it in the Dungeon)
 E - a box of beasts
 H - a sack of spiders
 Q - a fan of gales
   (You found it in the Dungeon)
Comestibles
 f - 8 bread rations {@e1}
 q - 40 fruits
 r - 10 meat rations {@e2}
 R - 6 royal jellies


   Skills:
 O Level 27 Fighting
 O Level 27 Polearms
 O Level 27 Staves
 O Level 27 Crossbows
 + Level 22.7 Throwing
 O Level 27 Armour
 O Level 27 Dodging
 O Level 27 Shields
 + Level 24.2 Unarmed Combat
 + Level 22.7 Spellcasting
 O Level 27 Evocations


You had 68 spell levels left.
You didn't know any spells.

Dungeon Overview and Level Annotations

Branches:
Dungeon (1/1)

Altars:
Ashenzari
Cheibriados
Dithmenos
Elyvilon
Fedhas
Gozag
Hepliaklqana
Kikubaaqudgha
Makhleb
Nemelex Xobeh
Okawaru
Qazlal
Ru
Sif Muna
Trog
Uskayaw
Vehumet
Wu Jian
Xom
Yredelemnul
Zin
The Shining One
Beogh
Jiyva
Lugonu

Annotations:
D exclusion: 3 doors


Innate Abilities, Weirdness & Mutations

You are resistant to torment.
Your stone body is resilient. (AC +17)
You are immune to poison.
Your large and strong wings let you fly indefinitely.
You resist negative energy. (rN+)
You are resistant to electric shocks. (rElec)
You can survive without breathing.
You are immune to petrification.
You are immune to rotting.
You occasionally shout uncontrollably at your foes.


Message History

There is a large open door to the Golden Pit (Nightmare!) here.
There is an open door here.
There is an open door here.
There is an open door, spattered with blood here.
Things that are here:
a lajatang of protection; a robe
There is an open door here.
There is an open door here.
There is an open door here.
There is an open door here.
There is an open door, spattered with blood here.
There is an open door here.
There is an open door, spattered with blood here.
There is an open door, spattered with blood here.
There is an open door, spattered with blood here.
Things that are here:
a great sword of protection; a glowing plate armour
There is a large open door to the Hallway of Sentries (Extremely Hard), spattered with blood here.
There is a large open door to the Hallway of Sentries (Extremely Hard) here.
You see here an arbalest.
You see here an arbalest.
There is a huge open gate to the Main Hall (Safe) here.
There is a huge open gate leading to the Armoury (Hard), spattered with blood here.
You see here an arrow.
Things that are here:
a quarterstaff; an animal skin You see here an arrow.
There is a huge open gate to the Vestibule (Extremely Hard) here.
There is a huge open gate to the Vestibule (Extremely Hard) here.
Things that are here:
a rapier of electrocution; a cloak; a pair of gloves
There is a huge open gate to the Final Vault (Nightmare!) here.
There is a huge open gate to the Final Vault (Nightmare!) here.
You see here a short sword.
You see here a halberd.
You see here a trident.
Items here: ! ))) a potion of flight; a glaive of venom; a hand axe; a long sword
Things that are here:
+0 storm dragon scales; a long sword You see here the Orb of Zot.
Okay, then.
You pick up the Orb of Zot!
The Orb lets out a hideous shriek!
The lords of Pandemonium are not amused.
Beware!
Now all you have to do is get back out of the dungeon!
Things that are here:
+0 storm dragon scales; a long sword
Items here: ! ))) a potion of flight; a glaive of venom; a hand axe; a long sword You see here a trident.
You see here a halberd.
You see here a short sword.
A pandemonium lord and a lich come into view.
You feel yourself speed up.
The lich shouts!
You are very lightly contaminated with residual magic.
A shadow demon and a Brimstone Fiend come into view.
The shadow demon croaks.
The Brimstone Fiend roars!
A large abomination comes into view.
There is a huge open gate to the Final Vault (Nightmare!) here.
The shadow demon gestures.
There is a huge open gate to the Final Vault (Nightmare!) here.
You see here an arrow.
There is a huge open gate to the Vestibule (Extremely Hard) here.
There is a huge open gate to the Vestibule (Extremely Hard) here.
Things that are here:
a +0 quarterstaff of speed; a +6 lajatang You see here a bolt.
Things that are here:
an uncursed arbalest; 13 bolts A chaos spawn comes into view.
You see here an arrow.
You impale the sixfirhy!!
The sixfirhy convulses!!
You kill the sixfirhy!
Things that are here:
an enchanted great sword; a chain mail
There is a huge open gate to the Grid Vault (Hard) here.
There is a huge open gate to the Main Hall (Safe), spattered with blood here.
Your extra speed is starting to run out.
You feel yourself slow down.
There is a huge open gate to the Grid Vault (Hard) here.
There is a huge open gate to the Grid Vault (Hard) here.
There is an open door to the Entrance Hall (Safe), spattered with blood here.
There is a staircase leading out of the dungeon here.
Unknown command.
Unknown command.
Unknown command.
Unknown command.
A staircase leading out of the dungeon.
This square is covered in magical glow.
You feel yourself speed up.
You feel agile all of a sudden.
You feel clever all of a sudden.
You feel protected.
A large abomination comes into view.
Okay, then.
The air is filled with shimmering golden clouds!
You feel the urge to strike!
Sifu Jiang Wei says: The storm will not ease as long as you keep fighting, disciple!
Your muscles tense, ready for explosive movement...
You have escaped!

##########.##................''..
#)..)..)...)'................''))
#'#####)#####......#..#......##.)
#.#..#...'.##................##..
#.#..#...#.#####'#####)'#########
#[#..#####.##....)..##)'#########
#.#..'...#÷##.§§§§§.##..#........
#.#..'...'.##.§§§§§.##).##.......
#.#..########.§§@X§.##.)####...#'
#.#..'.))..##.§§§§§.##..#..#####.
#.#..#.))).##.§§§§§.##))#.)).##..
#'###########.......##..'....)#).
#.......#..###########..').).)'..
#.......#.############..'.....#..
#...#...#.#....#..[[##..#....##..
#..###..#'#....#..[.##..#..#####.
#...#...#.'....'..))##..####...#'


You could see a large abomination.

Vanquished Creatures
  the Royal Jelly (D)
  Dissolution (D)
  Gloorx Vloq (D)
  the Serpent of Hell (D)
  Tiamat (D)
  3 orbs of fire (D)
  Khufu (D)
  Mennas (D)
  6 ancient liches (D)
  A greater mummy (D)
  Boris (D)
  the Lernaean hydra (D)
  Xtahua (D)
  A Killer Klown (D)
  Geryon (D)
  2 curse toes (D)
  Jory (D)
  3 profane servitors (D)
  Nikola (D)
  2 pearl dragons (D)
  20 golden dragons (D)
  A bone dragon (D)
  3 electric golems (D)
  4 Tzitzimimeh (D)
  5 Brimstone Fiends (D)
  7 Hell Sentinels (D)
  2 hellephants (D)
  3 Ice Fiends (D)
  6 tentacled monstrosities (D)
  26 Orb Guardians (D)
  5 liches (D)
  7 quicksilver dragons (D)
  3 deep elf master archers (D)
  8 acid blobs (D)
  6 titans (D)
  2 pandemonium lords (D)
  2 sphinxes (D)
  3 Executioners (D)
  Murray (D)
  8 shadow dragons (D)
  A daeva (D)
  3 nagarajas (D)
  3 storm dragons (D)
  2 deep elf sorcerers (D)
  2 azure jellies (D)
  A draconian knight (D)
  3 frost giants (D)
  A draconian scorcher (D)
  4 balrugs (D)
  4 ghost moths (D)
  A fire giant (D)
  10 iron dragons (D)
  A cacodemon (D)
  3 orc warlords (D)
  4 draconian stormcallers (D)
  Louise (D)
  A draconian annihilator (D)
  2 war gargoyles (D)
  A spriggan defender (D)
  A stone giant (D)
  3 green draconians (D)
  3 white draconians (D)
  An ophan (D)
  5 black draconians (D)
  A lorocyproca (D)
  7 dire elephants (D)
  2 yellow draconians (D)
  4 purple draconians (D)
  2 deep elf death magi (D)
  2 red draconians (D)
  A blizzard demon (D)
  2 ettins (D)
  11 fire dragons (D)
  5 green deaths (D)
  3 deep elf high priests (D)
  6 yaktaur captains (D)
  A minotaur (D)
  17 death oozes (D)
  2 mummy priests (D)
  A vault guard (D)
  22 hydras (D)
  A naga warrior (D)
  14 ice dragons (D)
  2 spriggan air magi (D)
  2 hell beasts (D)
  2 merfolk avatars (D)
  4 catoblepae (D)
  5 hell hogs (D)
  An alligator snapping turtle (D)
  2 centaur warriors (D)
  A death knight (D)
  A spriggan berserker (D)
  2 soul eaters (D)
  2 spriggans (D)
  A sun demon (D)
  5 deep elf knights (D)
  10 hell knights (D)
  A sixfirhy (D)
  An iron troll (D)
  An unseen horror (D)
  A deep troll (shapeshifter) (D)
  3 skeletal warriors (D)
  3 wizards (D)
  A spriggan druid (D)
  15 swamp dragons (D)
  2 deep trolls (D)
  A cherub (D)
  5 lindwurms (D)
  11 orc knights (D)
  A salamander (D)
  An orc sorcerer (D)
  An ugly thing (D)
  2 necromancers (D)
  A shining eye (shapeshifter) (D)
  2 deep elf magi (D)
  A salamander (shapeshifter) (D)
  A manticore (D)
  2 moths of wrath (D)
  4 elephants (D)
  2 black mambas (D)
  2 smoke demons (D)
  7 naga magi (D)
  A spiny frog (D)
  A gargoyle (D)
  2 kobold demonologists (D)
  A molten gargoyle (D)
  2 orange demons (D)
  3 rime drakes (D)
  6 komodo dragons (D)
  11 yaktaurs (D)
  3 hellions (D)
  2 tormentors (D)
  A guardian mummy (D)
  An ice devil (D)
  A troll (D)
  4 red devils (D)
  A wind drake (D)
  A wind drake (shapeshifter) (D)
  Prince Ribbit (D)
  3 hornets (D)
  A merfolk (shapeshifter) (D)
  A tyrant leech (D)
  A snapping turtle (D)
  2 polar bears (D)
  6 dream sheep (D)
  An air elemental (D)
  4 redbacks (D)
  2 ynoxinuls (D)
  9 wyverns (D)
  2 shadows (D)
  2 tarantellas (D)
  2 wraiths (D)
  3 yaks (D)
  7 basilisks (D)
  3 golden eyes (D)
  A chaos spawn (D)
  2 fire bats (D)
  5 steam dragons (D)
  A neqoxec (D)
  3 vampire mosquitoes (D)
  4 nagas (D)
  A soldier ant (D)
  4 floating eyes (D)
  3 acid dragons (D)
  2 swamp drakes (D)
  Purgy (D)
  A black bear (D)
  An ice beast (D)
  A phantom (D)
  An ogre (D)
  A crocodile (shapeshifter) (D)
  A crocodile (D)
  A big kobold (D)
  An earth elemental (D)
  2 quasits (D)
  2 orc priests (D)
  A gnoll shaman (D)
  2 orc wizards (D)
  2 hell rats (D)
  7 gnolls (D)
  A white imp (D)
  An adder zombie (D)
  An adder skeleton (D)
  A worm (D)
  A leopard gecko (D)
  7 orcs (D)
  2 bat zombies (D)
  3 jackals (D)
  A ball python (D)
  3 bats (D)
  A bat simulacrum (D)
  3 frilled lizards (D)
  A jackal zombie (D)
  4 kobolds (D)
  A leopard gecko simulacrum (D)
  A quokka skeleton (D)
  A rat (D)
605 creatures vanquished.

Vanquished Creatures (others)
  A hell hog (D)
1 creature vanquished.

Grand Total: 606 creatures vanquished

Notes
Turn   | Place    | Note
-------+----------+-------------------------------------------
     0 | D        | esc the Gargoyle Gladiator began the quest for the Orb.
     0 | D        | Reached XP level 1. HP: 12/12 MP: 1/1
    11 | D        | Reached skill level 3 in Fighting
    11 | D        | Reached skill level 1 in Armour
    11 | D        | Reached skill level 3 in Dodging
    11 | D        | Reached XP level 2. HP: 19/19 MP: 2/2
    40 | D        | Found a radiant altar of Vehumet.
    40 | D        | Found a hide-covered altar of Uskayaw.
    40 | D        | Found an ancient bone altar of Kikubaaqudgha.
    40 | D        | Found a viscous altar of Jiyva.
    40 | D        | Found a hazy altar of Hepliaklqana.
    41 | D        | Found a bloodstained altar of Trog.
    41 | D        | Found a deep blue altar of Sif Muna.
    41 | D        | Found a sacrificial altar of Ru.
    41 | D        | Found a stormy altar of Qazlal.
    41 | D        | Found an iron altar of Okawaru.
    41 | D        | Found a sparkling altar of Nemelex Xobeh.
    41 | D        | Found an opulent altar of Gozag.
    41 | D        | Found a blossoming altar of Fedhas.
    41 | D        | Found a white marble altar of Elyvilon.
    41 | D        | Found a shadowy altar of Dithmenos.
    41 | D        | Found a snail-covered altar of Cheibriados.
    42 | D        | Found a burning altar of Makhleb.
    42 | D        | Found a glowing golden altar of the Shining One.
    42 | D        | Found a glowing silver altar of Zin.
    42 | D        | Found a basalt altar of Yredelemnul.
    42 | D        | Found a shimmering altar of Xom.
    42 | D        | Found a roughly hewn altar of Beogh.
    43 | D        | Found a corrupted altar of Lugonu.
    43 | D        | Found an ornate altar of the Wu Jian Council.
    43 | D        | Found a shattered altar of Ashenzari.
    51 | D        | Became a worshipper of the Wu Jian Council
    71 | D        | Reached skill level 2 in Armour
   122 | D        | Reached * piety under Wu Jian
   159 | D        | Reached ** piety under Wu Jian
   282 | D        | Reached *** piety under Wu Jian
   284 | D        | Reached skill level 4 in Staves
   351 | D        | Reached XP level 3. HP: 24/24 MP: 3/3
   356 | D        | Reached **** piety under Wu Jian
   356 | D        | Reached skill level 4 in Fighting
   363 | D        | Reached skill level 3 in Armour
   363 | D        | Reached XP level 4. HP: 28/30 MP: 4/4
   364 | D        | Reached skill level 5 in Fighting
   364 | D        | Reached skill level 5 in Staves
   364 | D        | Reached skill level 4 in Armour
   364 | D        | Reached skill level 4 in Dodging
   390 | D        | Noticed an ogre
   411 | D        | Killed an ogre
   411 | D        | Reached skill level 6 in Fighting
   411 | D        | Reached skill level 6 in Staves
   411 | D        | Reached skill level 5 in Armour
   411 | D        | Reached skill level 5 in Dodging
   411 | D        | Reached XP level 5. HP: 36/36 MP: 5/5
   436 | D        | Noticed a fire bat
   440 | D        | Killed a fire bat
   440 | D        | Reached ***** piety under Wu Jian
   440 | D        | Reached skill level 7 in Fighting
   440 | D        | Reached skill level 7 in Staves
   440 | D        | Reached skill level 6 in Armour
   440 | D        | Reached XP level 6. HP: 32/44 MP: 6/6
   534 | D        | Noticed a tyrant leech
   559 | D        | HP: 7/44 [tyrant leech (25)]
   562 | D        | Killed a tyrant leech
   562 | D        | Reached skill level 8 in Fighting
   562 | D        | Reached skill level 8 in Staves
   562 | D        | Reached skill level 8 in Armour
   562 | D        | Reached skill level 6 in Dodging
   562 | D        | Reached XP level 7. HP: 36/50 MP: 7/7
   655 | D        | Noticed Purgy
   669 | D        | Killed Purgy
   669 | D        | Reached skill level 9 in Fighting
   669 | D        | Reached skill level 7 in Dodging
   718 | D        | Noticed a steam dragon
   718 | D        | Noticed a komodo dragon
   719 | D        | Noticed a fire bat
   720 | D        | Killed a fire bat
   720 | D        | Reached skill level 9 in Staves
   720 | D        | Reached skill level 9 in Armour
   727 | D        | HP: 11/51 [komodo dragon (17)]
   733 | D        | HP: 6/51 [komodo dragon (14)]
   735 | D        | Killed a komodo dragon
   735 | D        | Reached XP level 8. HP: 37/57 MP: 8/8
   744 | D        | Reached skill level 10 in Fighting
   744 | D        | Reached skill level 8 in Dodging
   986 | D        | Noticed a wyvern
   986 | D        | Noticed a rime drake
   991 | D        | Reached ****** piety under Wu Jian
   992 | D        | Killed a wyvern
   992 | D        | Reached skill level 10 in Armour
   992 | D        | Killed a rime drake
   992 | D        | Reached skill level 10 in Staves
   998 | D        | Reached XP level 9. HP: 63/63 MP: 9/9
  1126 | D        | Noticed a troll
  1126 | D        | Noticed a komodo dragon
  1127 | D        | Noticed an orc sorcerer
  1166 | D        | Killed a komodo dragon
  1166 | D        | Reached skill level 11 in Fighting
  1166 | D        | Reached skill level 11 in Armour
  1171 | D        | Killed a troll
  1219 | D        | Killed an orc sorcerer
  1219 | D        | Reached skill level 12 in Fighting
  1219 | D        | Reached skill level 11 in Staves
  1313 | D        | Reached skill level 12 in Armour
  1363 | D        | Noticed a rime drake
  1363 | D        | Noticed a merfolk avatar
  1375 | D        | Killed a rime drake
  1385 | D        | Killed a merfolk avatar
  1385 | D        | Reached skill level 13 in Fighting
  1385 | D        | Reached skill level 12 in Staves
  1385 | D        | Reached XP level 10. HP: 59/73 MP: 10/10
  1387 | D        | Reached skill level 13 in Armour
  1452 | D        | Noticed a spiny frog
  1461 | D        | Killed a spiny frog
  1467 | D        | Noticed a lindwurm
  1486 | D        | Killed a lindwurm
  1500 | D        | Noticed a deep troll
  1500 | D        | Noticed a kobold demonologist
  1528 | D        | Killed a deep troll
  1528 | D        | Reached skill level 14 in Fighting
  1528 | D        | Reached skill level 13 in Staves
  1533 | D        | Killed a kobold demonologist
  1581 | D        | Noticed a manticore
  1718 | D        | Reached skill level 14 in Armour
  1739 | D        | Noticed a black mamba
  1740 | D        | Noticed a black mamba
  1746 | D        | Killed a black mamba
  1746 | D        | Killed a manticore
  1746 | D        | Killed a black mamba
  1746 | D        | Reached XP level 11. HP: 60/80 MP: 11/11
  1748 | D        | Paralysed by a floating eye for 4 turns
  1771 | D        | Paralysed by a floating eye for 4 turns
  1774 | D        | HP: 19/80 [tarantella (2)]
  1775 | D        | Reached skill level 15 in Fighting
  1775 | D        | Reached skill level 14 in Staves
  1996 | D        | Reached skill level 15 in Armour
  1997 | D        | Noticed a deep elf mage
  2047 | D        | Killed a deep elf mage
  2315 | D        | Noticed Prince Ribbit
  2336 | D        | Reached skill level 16 in Fighting
  2343 | D        | Killed Prince Ribbit
  2469 | D        | Noticed a deep troll
  2477 | D        | Killed a deep troll
  2477 | D        | Reached skill level 16 in Armour
  2806 | D        | Noticed a sixfirhy
  2813 | D        | Killed a sixfirhy
  2813 | D        | Reached skill level 9 in Dodging
  2936 | D        | Noticed an eight-headed hydra
  2945 | D        | Killed a nine-headed hydra
  2945 | D        | Reached skill level 17 in Fighting
  2974 | D        | Reached skill level 17 in Armour
  2975 | D        | Reached XP level 12. HP: 91/91 MP: 12/12
  2978 | D        | Noticed a hell hog
  2978 | D        | Noticed an orc warlord
  3023 | D        | Reached skill level 10 in Dodging
  3269 | D        | Killed an orc warlord
  3270 | D        | Reached skill level 18 in Fighting
  3434 | D        | Noticed a hell hog
  3436 | D        | Noticed a hell hog
  3436 | D        | Noticed an orc warlord
  3441 | D        | Killed a hell hog
  3441 | D        | Reached skill level 18 in Armour
  3443 | D        | Killed a hell hog
  3444 | D        | Noticed a yaktaur captain
  3444 | D        | Noticed a deep elf knight
  3445 | D        | HP: 20/94 [orc warlord/great sword (18)]
  3446 | D        | Noticed a deep elf knight
  3446 | D        | HP: 9/94 [yaktaur/bolt (12)]
  3447 | D        | Noticed a yaktaur captain
  3452 | D        | Killed a deep elf knight
  3452 | D        | Reached skill level 19 in Fighting
  3452 | D        | Killed an orc warlord
  3452 | D        | Reached skill level 19 in Armour
  3454 | D        | Killed a yaktaur captain
  3455 | D        | Noticed a deep elf knight
  3456 | D        | HP: 3/96 [yaktaur captain/bolt (27)]
  3458 | D        | Noticed a deep elf knight
  3458 | D        | Killed a hell hog
  3458 | D        | Reached XP level 13. HP: 26/101 MP: 13/13
  3458 | D        | Reached skill level 20 in Fighting
  3458 | D        | Reached skill level 20 in Armour
  3460 | D        | Killed a yaktaur captain
  3689 | D        | Noticed a yaktaur captain
  3690 | D        | Noticed a vault guard
  3698 | D        | Killed a vault guard
  3705 | D        | Killed a yaktaur captain
  3705 | D        | Reached skill level 21 in Fighting
  3710 | D        | Killed a ghost moth
  3710 | D        | Reached skill level 21 in Armour
  3994 | D        | Noticed a nagaraja
  4019 | D        | Killed a nagaraja
  4019 | D        | Reached skill level 2 in Crossbows
  4075 | D        | Got the cursed +0 cloak of Going Fast {Slay+3}
  4233 | D        | Reached skill level 3 in Crossbows
  4424 | D        | Reached skill level 4 in Crossbows
  4436 | D        | Reached skill level 5 in Crossbows
  4438 | D        | Noticed a fire giant
  4447 | D        | Killed a fire giant
  4452 | D        | Reached skill level 6 in Crossbows
  4484 | D        | Reached skill level 22 in Fighting
  4486 | D        | Reached skill level 7 in Crossbows
  4500 | D        | Reached skill level 22 in Armour
  4502 | D        | Noticed a deep elf sorcerer
  4505 | D        | Killed a deep elf sorcerer
  4505 | D        | Reached skill level 8 in Crossbows
  4505 | D        | Gained mutation: Your large and strong wings let you fly indefinitely. [Gargoyle growth]
  4505 | D        | Reached XP level 14. HP: 60/112 MP: 14/14
  4507 | D        | Got the +3 leather armour "Quzehui" {rC+ Str+7}
  4696 | D        | Reached skill level 9 in Crossbows
  4791 | D        | Got the ring "Galeruaf" {rPois Str+2 Int+8 Dex-2 SInv}
  4966 | D        | Noticed a dire elephant
  4968 | D        | Noticed a profane servitor
  4978 | D        | Killed a dire elephant
  4985 | D        | Killed a profane servitor
  4985 | D        | Reached skill level 23 in Fighting
  4985 | D        | Reached skill level 10 in Crossbows
  4985 | D        | Reached skill level 23 in Armour
  4996 | D        | Got the +3 scimitar "Lowky" {freeze, rF- rN+++ MR- Stlth+}
  5213 | D        | Reached skill level 11 in Crossbows
  5264 | D        | Noticed a sphinx
  5265 | D        | Noticed a lich
  5265 | D        | Noticed a yellow draconian
  5268 | D        | Noticed a white draconian stormcaller
  5269 | D        | Noticed a red draconian stormcaller
  5269 | D        | yolo
  5270 | D        | Noticed Boris
  5273 | D        | Noticed a white draconian knight
  5275 | D        | Killed a white draconian stormcaller
  5279 | D        | Killed a sphinx
  5281 | D        | Killed a yellow draconian
  5281 | D        | Killed a ghostly yellow draconian
  5281 | D        | Reached skill level 12 in Crossbows
  5281 | D        | Killed Boris
  5282 | D        | Reached skill level 24 in Fighting
  5282 | D        | Reached skill level 13 in Crossbows
  5284 | D        | Killed a white draconian knight
  5284 | D        | Reached skill level 24 in Armour
  5285 | D        | Killed a red draconian stormcaller
  5288 | D        | Noticed a sphinx
  5291 | D        | Killed a sphinx
  5291 | D        | Reached XP level 15. HP: 104/122 MP: 15/15
  5296 | D        | Reached skill level 14 in Crossbows
  5297 | D        | Killed a lich
  5310 | D        | Noticed a daeva
  5317 | D        | Killed a daeva
  5317 | D        | Reached skill level 25 in Fighting
  5317 | D        | Reached skill level 15 in Crossbows
  5320 | D        | Reached skill level 25 in Armour
  5498 | D        | Got the amulet of Tyckeloa {Faith Fragile rF+++ rC+}
  5538 | D        | Got the ring "Qiokkog" {-Tele rPois rF+ rN++ AC+6 Dex-4}
  5542 | D        | Got the ring "Vufi" {*Drain rElec EV+6 Dex+8}
  5546 | D        | Got the ring "Xeedgh Tueb" {-Tele rF+ AC+6 Int+7}
  5673 | D        | Noticed a shadow dragon
  5693 | D        | Killed a shadow dragon
  5848 | D        | Reached skill level 16 in Crossbows
  5907 | D        | Noticed a deep elf sorcerer
  5911 | D        | Noticed a titan
  5917 | D        | Noticed a bone dragon
  5917 | D        | Killed a deep elf sorcerer
  5920 | D        | Killed a titan
  5920 | D        | Noticed a nagaraja
  5979 | D        | Killed a bone dragon
  5979 | D        | Reached skill level 26 in Fighting
  5979 | D        | Reached skill level 26 in Armour
  5983 | D        | Reached skill level 17 in Crossbows
  6158 | D        | Killed a nagaraja
  6164 | D        | Reached XP level 16. HP: 123/132 MP: 16/16
  6165 | D        | Reached skill level 18 in Crossbows
  6259 | D        | Reached skill level 15 in Staves
  6363 | D        | Reached skill level 27 in Fighting
  6366 | D        | Reached skill level 27 in Armour
  6367 | D        | Reached skill level 16 in Staves
  6375 | D        | Paralysed by a floating eye for 4 turns
  6462 | D        | Reached skill level 17 in Staves
  6500 | D        | Noticed an electric golem
  6563 | D        | Killed an electric golem
  6563 | D        | Reached skill level 18 in Staves
  6639 | D        | lol
  6724 | D        | Noticed a golden dragon
  6727 | D        | Reached skill level 19 in Staves
  6737 | D        | Killed a golden dragon
  6737 | D        | Reached skill level 20 in Staves
  6741 | D        | Reached skill level 21 in Staves
  6750 | D        | this is going to take a while
  6758 | D        | Reached skill level 22 in Staves
  6774 | D        | Reached skill level 23 in Staves
  6794 | D        | Reached skill level 24 in Staves
  6798 | D        | Reached XP level 17. HP: 91/139 MP: 17/17
  6822 | D        | Reached skill level 25 in Staves
  6835 | D        | pretty decent
  6865 | D        | Got a silver rune of Zot
  7013 | D        | Reached skill level 1 in Evocations
  7080 | D        | Reached skill level 2 in Evocations
  7084 | D        | Reached skill level 4 in Evocations
  7093 | D        | Noticed an Executioner
  7105 | D        | Killed an Executioner
  7105 | D        | Reached skill level 5 in Evocations
  7223 | D        | Noticed the 27-headed Lernaean hydra
  7236 | D        | Killed the 27-headed Lernaean hydra
  7236 | D        | Reached skill level 7 in Evocations
  7239 | D        | Reached skill level 8 in Evocations
  7321 | D        | Reached skill level 26 in Staves
  7323 | D        | Reached skill level 9 in Evocations
  7329 | D        | Noticed an Executioner
  7339 | D        | Killed an Executioner
  7339 | D        | Reached skill level 10 in Evocations
  7353 | D        | Noticed a tentacled monstrosity
  7366 | D        | Killed a tentacled monstrosity
  7512 | D        | Noticed a lich
  7523 | D        | Killed a lich
  7523 | D        | Reached skill level 11 in Evocations
  7565 | D        | Reached skill level 11 in Dodging
  7565 | D        | Reached skill level 12 in Evocations
  7624 | D        | Noticed a lich
  7624 | D        | Noticed an Executioner
  7626 | D        | Noticed a profane servitor
  7628 | D        | Noticed a tentacled monstrosity
  7630 | D        | Killed a lich
  7630 | D        | Reached skill level 27 in Staves
  7631 | D        | Killed an Executioner
  7632 | D        | Killed a profane servitor
  7632 | D        | Reached skill level 13 in Evocations
  7633 | D        | Reached skill level 12 in Dodging
  7635 | D        | Noticed a deep elf master archer
  7636 | D        | Reached skill level 19 in Crossbows
  7638 | D        | Killed a tentacled monstrosity
  7639 | D        | Noticed a quicksilver dragon
  7643 | D        | Killed a deep elf master archer
  7643 | D        | Reached skill level 13 in Dodging
  7643 | D        | Reached skill level 14 in Evocations
  7646 | D        | Killed a quicksilver dragon
  7646 | D        | Reached XP level 18. HP: 100/145 MP: 28/28
  7648 | D        | Reached skill level 20 in Crossbows
  7649 | D        | Reached skill level 15 in Evocations
  7657 | D        | Reached skill level 14 in Dodging
  7887 | D        | Noticed a Hell Sentinel
  7887 | D        | Noticed a deep elf master archer
  7887 | D        | Noticed a titan
  7888 | D        | Noticed Mennas
  7904 | D        | Killed a titan
  7908 | D        | Killed a Hell Sentinel
  7915 | D        | Killed a deep elf master archer
  7915 | D        | Reached skill level 16 in Evocations
  7948 | D        | Killed Mennas
  7948 | D        | Reached skill level 21 in Crossbows
  7948 | D        | Reached skill level 15 in Dodging
  8076 | D        | Noticed a curse toe
  8076 | D        | Noticed a deep elf master archer
  8082 | D        | Killed a curse toe
  8082 | D        | Reached skill level 4 in Polearms
  8082 | D        | Reached skill level 5 in Shields
  8087 | D        | Killed a deep elf master archer
  8087 | D        | Reached skill level 5 in Polearms
  8087 | D        | Reached skill level 6 in Shields
  8298 | D        | Noticed an Orb Guardian
  8298 | D        | Noticed an Orb Guardian
  8298 | D        | Noticed an Orb Guardian
  8299 | D        | Noticed an Orb Guardian
  8306 | D        | Killed an Orb Guardian
  8306 | D        | Reached skill level 6 in Polearms
  8306 | D        | Reached skill level 7 in Shields
  8308 | D        | Reached skill level 7 in Polearms
  8308 | D        | Reached skill level 8 in Shields
  8308 | D        | Killed an Orb Guardian
  8308 | D        | Reached skill level 8 in Polearms
  8308 | D        | Reached skill level 9 in Shields
  8309 | D        | Killed an Orb Guardian
  8309 | D        | Reached skill level 10 in Shields
  8309 | D        | Killed an Orb Guardian
  8309 | D        | Reached skill level 9 in Polearms
  8309 | D        | Reached skill level 11 in Shields
  8311 | D        | Noticed Nikola
  8318 | D        | Killed Nikola
  8318 | D        | Reached skill level 10 in Polearms
  8318 | D        | Reached skill level 12 in Shields
  8322 | D        | Noticed an ancient lich
  8325 | D        | Killed an ancient lich
  8325 | D        | Reached skill level 12 in Polearms
  8325 | D        | Reached skill level 14 in Shields
  8327 | D        | Noticed an orb of fire
  8327 | D        | Noticed an Orb Guardian
  8328 | D        | Noticed an Ice Fiend
  8329 | D        | Killed an Ice Fiend
  8329 | D        | Reached skill level 15 in Shields
  8330 | D        | Gained mutation: You occasionally shout uncontrollably at your foes. [an orb of fire]
  8331 | D        | Killed an orb of fire
  8331 | D        | Reached skill level 14 in Polearms
  8331 | D        | Reached skill level 16 in Shields
  8331 | D        | Killed an Orb Guardian
  8331 | D        | Reached skill level 17 in Shields
  8333 | D        | Reached XP level 19. HP: 107/151 MP: 31/31
  8336 | D        | Noticed a tentacled monstrosity
  8337 | D        | Noticed an Ice Fiend
  8338 | D        | Reached skill level 15 in Polearms
  8339 | D        | Killed an Ice Fiend
  8339 | D        | Reached skill level 18 in Shields
  8341 | D        | Reached skill level 16 in Polearms
  8343 | D        | Killed a tentacled monstrosity
  8343 | D        | Reached skill level 19 in Shields
  8535 | D        | Noticed Dissolution
  8539 | D        | Reached skill level 17 in Polearms
  8542 | D        | Noticed a Brimstone Fiend
  8543 | D        | Noticed a lich
  8544 | D        | Reached skill level 20 in Shields
  8544 | D        | Noticed a lich
  8544 | D        | Killed Dissolution
  8544 | D        | Reached skill level 18 in Polearms
  8544 | D        | Reached skill level 21 in Shields
  8545 | D        | Noticed a tentacled monstrosity
  8545 | D        | Noticed an electric golem
  8547 | D        | Noticed a Killer Klown
  8548 | D        | Killed a lich
  8548 | D        | Reached skill level 19 in Polearms
  8548 | D        | Reached skill level 22 in Shields
  8549 | D        | Noticed an ancient lich
  8550 | D        | Killed a lich
  8552 | D        | Noticed a Hell Sentinel
  8552 | D        | Killed a tentacled monstrosity
  8552 | D        | Killed an electric golem
  8553 | D        | Killed an ancient lich
  8553 | D        | Reached skill level 20 in Polearms
  8553 | D        | Reached skill level 23 in Shields
  8559 | D        | Reached skill level 21 in Polearms
  8559 | D        | Reached skill level 24 in Shields
  8562 | D        | Noticed Tiamat
  8563 | D        | Killed a Hell Sentinel
  8565 | D        | Killed a Brimstone Fiend
  8565 | D        | Killed a Killer Klown
  8565 | D        | Reached skill level 25 in Shields
  8567 | D        | Reached skill level 22 in Polearms
  8571 | D        | Killed Tiamat
  8574 | D        | Reached XP level 20. HP: 69/157 MP: 32/32
  8579 | D        | Reached skill level 26 in Shields
  8585 | D        | Reached skill level 23 in Polearms
  8871 | D        | Noticed a golden dragon
  8872 | D        | Noticed the Royal Jelly
  8872 | D        | Noticed an ancient lich
  8872 | D        | Noticed a pearl dragon
  8873 | D        | Noticed the Serpent of Hell
  8873 | D        | final destination
  8876 | D        | Noticed a curse toe
  8878 | D        | Killed a golden dragon
  8878 | D        | Reached skill level 27 in Shields
  8880 | D        | Reached skill level 24 in Polearms
  8880 | D        | Killed the Royal Jelly
  8880 | D        | Reached skill level 26 in Polearms
  8886 | D        | Killed an ancient lich
  8886 | D        | Reached skill level 27 in Polearms
  8886 | D        | Killed a pearl dragon
  8886 | D        | Reached skill level 17 in Evocations
  8888 | D        | Noticed a profane servitor
  8888 | D        | Noticed Murray
  8889 | D        | Reached skill level 16 in Dodging
  8889 | D        | Killed a curse toe
  8889 | D        | Noticed Gloorx Vloq
  8890 | D        | Noticed an orb of fire
  8890 | D        | Reached skill level 18 in Evocations
  8892 | D        | Killed Gloorx Vloq
  8892 | D        | Reached skill level 17 in Dodging
  8892 | D        | Reached skill level 19 in Evocations
  8892 | D        | Reached skill level 18 in Dodging
  8892 | D        | Killed the Serpent of Hell
  8892 | D        | Reached skill level 19 in Dodging
  8892 | D        | Reached skill level 20 in Evocations
  8893 | D        | Killed Murray
  8893 | D        | Reached XP level 21. HP: 44/163 MP: 32/35
  8893 | D        | Reached skill level 21 in Evocations
  8895 | D        | Reached skill level 20 in Dodging
  8896 | D        | Reached skill level 22 in Evocations
  8896 | D        | Killed a profane servitor
  8897 | D        | Killed an orb of fire
  8897 | D        | Reached skill level 21 in Dodging
  8897 | D        | Reached skill level 23 in Evocations
  8897 | D        | HP: 31/163 [acid[the Royal Jelly] (14)]
  8902 | D        | HP: 21/163 [acid[the Royal Jelly] (3)]
  9335 | D        | Reached skill level 22 in Dodging
  9458 | D        | Noticed Jory
  9473 | D        | Killed Jory
  9473 | D        | Reached skill level 24 in Evocations
  9491 | D        | Noticed a pearl dragon
  9500 | D        | Killed a pearl dragon
  9538 | D        | Noticed Xtahua
  9554 | D        | Killed Xtahua
  9554 | D        | Reached skill level 23 in Dodging
  9598 | D        | Noticed an orb of fire
  9607 | D        | Killed an orb of fire
  9607 | D        | Reached skill level 25 in Evocations
  9740 | D        | Reached skill level 24 in Dodging
  9913 | D        | Reached skill level 26 in Evocations
 10079 | D        | Noticed Khufu
 10089 | D        | Killed Khufu
 10279 | D        | Noticed an ancient lich
 10284 | D        | Killed an ancient lich
 10284 | D        | Reached skill level 25 in Dodging
 10284 | D        | Reached skill level 27 in Evocations
 10284 | D        | Reached XP level 22. HP: 169/169 MP: 39/39
 10370 | D        | Reached skill level 26 in Dodging
 10450 | D        | Noticed Geryon
 10458 | D        | Killed Geryon
 10458 | D        | Reached skill level 27 in Dodging
 10458 | D        | Reached skill level 3 in Throwing
 10458 | D        | Reached skill level 3 in Unarmed Combat
 10458 | D        | Reached skill level 2 in Spellcasting
 10461 | D        | Noticed an ancient lich
 10463 | D        | Killed an ancient lich
 10463 | D        | Reached skill level 5 in Throwing
 10463 | D        | Reached skill level 5 in Unarmed Combat
 10463 | D        | Reached skill level 5 in Spellcasting
 10467 | D        | Reached skill level 22 in Crossbows
 10467 | D        | Reached skill level 6 in Throwing
 10467 | D        | Reached skill level 6 in Unarmed Combat
 10599 | D        | Reached skill level 6 in Spellcasting
 10618 | D        | Reached skill level 7 in Throwing
 10618 | D        | Reached skill level 7 in Unarmed Combat
 10624 | D        | Reached skill level 8 in Unarmed Combat
 10624 | D        | Reached skill level 7 in Spellcasting
 10630 | D        | Reached skill level 8 in Throwing
 10630 | D        | Reached skill level 8 in Spellcasting
 10633 | D        | Noticed a golden dragon
 10641 | D        | Killed a golden dragon
 10641 | D        | Reached skill level 9 in Unarmed Combat
 10650 | D        | Reached skill level 9 in Throwing
 10652 | D        | Reached skill level 9 in Spellcasting
 10703 | D        | Reached skill level 10 in Unarmed Combat
 10752 | D        | Reached skill level 10 in Throwing
 10762 | D        | Reached skill level 23 in Crossbows
 10762 | D        | Reached skill level 11 in Unarmed Combat
 10762 | D        | Reached skill level 10 in Spellcasting
 10771 | D        | Noticed a greater mummy
 10778 | D        | Killed a greater mummy
 10778 | D        | Reached skill level 11 in Throwing
 10778 | D        | Reached skill level 11 in Spellcasting
 10783 | D        | Reached skill level 12 in Unarmed Combat
 10997 | D        | Noticed Ybeomeegg the pandemonium lord
 11000 | D        | Killed Ybeomeegg the pandemonium lord
 11000 | D        | Reached skill level 12 in Throwing
 11001 | D        | Noticed Louise
 11006 | D        | Reached skill level 13 in Unarmed Combat
 11006 | D        | Reached skill level 12 in Spellcasting
 11014 | D        | Reached skill level 24 in Crossbows
 11015 | D        | Noticed Piosuf the pandemonium lord
 11017 | D        | Noticed an ancient lich
 11020 | D        | Reached skill level 13 in Throwing
 11022 | D        | Killed Piosuf the pandemonium lord
 11022 | D        | Reached skill level 14 in Unarmed Combat
 11022 | D        | Reached skill level 13 in Spellcasting
 11032 | D        | Killed an ancient lich
 11032 | D        | Reached skill level 14 in Throwing
 11032 | D        | Reached skill level 15 in Unarmed Combat
 11032 | D        | Reached skill level 14 in Spellcasting
 11048 | D        | Killed Louise
 11298 | D        | Got an iron rune of Zot
 11382 | D        | Noticed a golden dragon
 11382 | D        | Noticed a golden dragon
 11382 | D        | Noticed a golden dragon
 11382 | D        | Noticed a golden dragon
 11382 | D        | Noticed a golden dragon
 11383 | D        | wait what
 11383 | D        | just dragons?
 11386 | D        | Reached skill level 25 in Crossbows
 11389 | D        | Reached skill level 15 in Throwing
 11389 | D        | Reached skill level 16 in Unarmed Combat
 11389 | D        | Reached XP level 23. HP: 174/175 MP: 41/41
 11392 | D        | Killed a golden dragon
 11392 | D        | Reached skill level 15 in Spellcasting
 11398 | D        | Noticed a golden dragon
 11403 | D        | Noticed a golden dragon
 11405 | D        | Killed a golden dragon
 11407 | D        | Killed a golden dragon
 11407 | D        | Reached skill level 16 in Throwing
 11407 | D        | Reached skill level 17 in Unarmed Combat
 11407 | D        | Reached skill level 16 in Spellcasting
 11411 | D        | Killed a golden dragon
 11414 | D        | Killed a golden dragon
 11414 | D        | Reached skill level 26 in Crossbows
 11416 | D        | Noticed a golden dragon
 11419 | D        | Killed a golden dragon
 11419 | D        | Reached skill level 17 in Throwing
 11419 | D        | Reached skill level 18 in Unarmed Combat
 11420 | D        | Reached skill level 17 in Spellcasting
 11425 | D        | Killed a golden dragon
 11432 | D        | Killed a golden dragon
 11432 | D        | Reached skill level 19 in Unarmed Combat
 11437 | D        | Noticed a golden dragon
 11439 | D        | Reached skill level 18 in Throwing
 11440 | D        | Noticed a golden dragon
 11440 | D        | Reached skill level 18 in Spellcasting
 11441 | D        | Noticed a golden dragon
 11442 | D        | Killed a golden dragon
 11442 | D        | Reached skill level 27 in Crossbows
 11443 | D        | Killed a golden dragon
 11446 | D        | Noticed a golden dragon
 11446 | D        | Killed a golden dragon
 11446 | D        | Reached skill level 20 in Unarmed Combat
 11449 | D        | Reached skill level 19 in Throwing
 11449 | D        | Reached skill level 19 in Spellcasting
 11455 | D        | Killed a golden dragon
 11456 | D        | Noticed a golden dragon
 11457 | D        | Reached skill level 21 in Unarmed Combat
 11463 | D        | Killed a golden dragon
 11463 | D        | Reached skill level 20 in Throwing
 11466 | D        | Reached skill level 20 in Spellcasting
 11481 | D        | Noticed a golden dragon
 11489 | D        | Reached skill level 22 in Unarmed Combat
 11490 | D        | Killed a golden dragon
 11495 | D        | Noticed a golden dragon
 11496 | D        | Reached skill level 21 in Throwing
 11497 | D        | Noticed a golden dragon
 11498 | D        | Reached skill level 21 in Spellcasting
 11503 | D        | Killed a golden dragon
 11506 | D        | Killed a golden dragon
 11506 | D        | Reached skill level 23 in Unarmed Combat
 11511 | D        | Noticed a golden dragon
 11515 | D        | Reached XP level 24. HP: 180/181 MP: 48/48
 11519 | D        | Reached skill level 22 in Throwing
 11520 | D        | Reached skill level 22 in Spellcasting
 11539 | D        | Reached skill level 24 in Unarmed Combat
 11559 | D        | Got a golden rune of Zot
 11765 | D        | Got the Orb of Zot
 11798 | D        | Noticed Redosef the pandemonium lord
 11858 | D        | Escaped with the Orb!

Vault maps used:
D:        pitsprint

Skill      XL: |  1  2  3  4  5  6  7  8  9 10 11 12 13 14 15 16 17 18 19 20 21 22 23 24 |
---------------+-------------------------------------------------------------------------+-----
Fighting       | 3 4 6 7 8 9 10 13 14 17 19 22 24 26 27 | 27.0
Armour         | 1 2 3 5 6 8 9 10 12 14 17 19 22 24 26 27 | 27.0
Dodging        | 3 5 6 7 8 9 10 13 15 19 25 27 | 27.0
Staves         | 4 6 7 8 9 10 12 13 14 24 27 | 27.0
Crossbows      | 8 13 17 18 19 21 25 27 | 27.0
Evocations     | 14 16 20 27 | 27.0
Polearms       | 14 22 27 | 27.0
Shields        | 17 25 27 | 27.0
Throwing       | 15 21 22 | 22.7
Unarmed Combat | 16 23 24 | 24.2
Spellcasting   | 14 21 22 | 22.7

Action                   |  1- 3 |  4- 6 |  7- 9 | 10-12 | 13-15 | 16-18 | 19-21 | 22-24 || total
-------------------------+-------+-------+-------+-------+-------+-------+-------+-------++-------
Melee: Quarterstaff      |    53 |    43 |   158 |   208 |    29 |    72 |       |       ||   563
       Lajatang          |       |       |       |   148 |   440 |   372 |       |       ||   960
       Arbalest          |       |       |       |       |       |     4 |       |       ||     4
       Trishula          |       |       |       |       |       |    71 |   430 |   627 ||  1128
 Fire: Arbalest          |       |       |       |       |    17 |    66 |       |       ||    83
Invok: Serpent's Lash    |       |       |     3 |    10 |     6 |     5 |     3 |     2 ||    29
       Heaven On Earth   |       |       |       |     1 |     2 |     3 |     2 |     3 ||    11
Evoke: Lamp of fire      |       |       |       |       |       |     1 |       |       ||     1
       Wand              |       |       |       |       |       |     1 |     3 |       ||     4
  Use: Potion            |       |     2 |     4 |     3 |     5 |     4 |     3 |     6 ||    27
       Scroll            |       |       |       |     4 |     1 |     6 |     2 |       ||    13
 Stab: Distracted        |       |       |       |       |       |     1 |       |       ||     1
  Eat: Chunk             |       |       |     2 |     3 |     3 |     1 |       |       ||     9
       Bread ration      |       |       |       |     1 |     2 |     2 |     2 |       ||     7
Armor: Leather armour    |    22 |       |       |       |       |       |       |       ||    22
       Scale mail        |     5 |     4 |       |       |       |       |       |       ||     9
       Chain mail        |       |     3 |    30 |    90 |       |       |       |       ||   123
       Plate armour      |       |       |       |    19 |    52 |       |       |       ||    71
       Gold dragon scale |       |       |       |       |   188 |   289 |    59 |    77 ||   613
Dodge: Dodged            |    30 |     9 |    38 |    94 |   168 |   266 |    88 |   174 ||   867
Block: Large shield      |       |       |       |       |       |       |   177 |   306 ||   483

Vault maps used:
D:        pitsprint

Table legend:
 A = Turns spent in this place as a percentage of turns spent in the entire game.
 B = Non-inter-level travel turns spent in this place as a percentage of non-inter-level travel turns spent in the entire game.
 C = Inter-level travel turns spent in this place as a percentage of turns spent in this place.
 D = Turns resting spent in this place as a percentage of non-inter-level travel turns spent in this place.
 E = Turns spent auto-exploring this place as a percentage of non-inter-level travel turns spent in this place.
 F = Non-inter-level travel turns spent in this place divided by the number of levels of this place that you've seen.
                   A       B       C       D       E      F
               +-------+-------+-------+-------+-------+----------------------
         Total | 100.0 | 100.0 |   0.3 |   3.4 |   0.2 | 6019.0
       Dungeon | 100.0 | 100.0 |   0.3 |   3.4 |   0.2 | 6019.0
               +-------+-------+-------+-------+-------+----------------------

Table legend:
 A = Kills in this place as a percentage of kills in entire the game.
 B = Kills by you in this place as a percentage of kills by you in the entire game.
 C = Kills by friends in this place as a percentage of kills by friends in the entire game.
 D = Other kills in this place as a percentage of other kills in the entire game.
 E = Experience gained in this place as a percentage of experience gained in the entire game.
 F = Experience gained in this place divided by the number of levels of this place that you have seen.
                   A       B       C       D       E      F
               +-------+-------+-------+-------+-------+----------------------
         Total | 100.0 | 100.0 |  -nan | 100.0 | 100.0 | 851780.0
       Dungeon | 100.0 | 100.0 |  -nan | 100.0 | 100.0 | 851780.0
               +-------+-------+-------+-------+-------+----------------------
